AoeStats
← Thewanderero

QS Arena

503632798Analyzed
4v4 RM · 1mo ago on Sep 1, 2026· 55m 14s· 8 players
Game mode
Random Map
Map size
Large (8 player)
Population
200
Speed
Normal
Resources
Standard
Victory
Conquest
Starting age
Dark Age
Ending age
Imperial Age
RankedLock teamsTeams togetherTeam positionsShared explorationLock speedFull tech treeHidden civsTurbo modeCheats
Victory
Defeat
1104
+14
🇹🇼 Franks · Taiwan
1029
+17
🇵🇱 Goths · Poland
1028
+17
🇨🇳 Teutons · China
964
+20
🇦🇷 Mongols · Argentina
1063
-17
🇧🇾 Persians · Belarus
1062
-17
🇦🇷 Franks · Argentina
1053
-17
🇨🇿 Shu · Czechia
1036
-16
Grubik
6:36 Loom
8:43 Feudal Age
12:09 Double-Bit Axe
13:26 Horse Collar
15:49 Castle Age
15:30 Stone Mining
17:00 Heavy Plow
18:02 Bow Saw
19:32 Gold Mining
20:15 Forging
20:06 Scale Mail Armor
22:32 Fortified Wall
28:40 Imperial Age
28:07 Chain Mail Armor
28:42 Coiled Serpent Array
30:17 Conscription
30:44 Plate Mail Armor
33:58 Wheelbarrow
35:04 Ballistics
36:23 Siege Engineers
36:15 Arson
36:30 Squires
35:50 Pikeman
37:12 Elite White Feather Guard
39:10 Gold Shaft Mining
39:40 Two-Man Saw
39:20 Capped Ram
41:59 Hand Cart
45:00 Halberdier
46:01 Murder Holes
El Furia
5:24 Loom
8:05 Feudal Age
8:37 Double-Bit Axe
14:01 Castle Age
12:12 Stone Mining
12:21 Horse Collar
13:10 Gold Mining
16:53 Fletching
18:00 Bow Saw
20:37 Wheelbarrow
21:47 Padded Archer Armor
22:58 Bodkin Arrow
25:11 Leather Archer Armor
25:36 Hand Cart
29:29 Imperial Age
28:09 Gold Shaft Mining
28:19 Bloodlines
28:10 Husbandry
28:14 Heavy Plow
29:01 Ballistics
29:40 Scale Barding Armor
29:46 Forging
30:37 Conscription
31:27 Chain Barding Armor
33:47 Iron Casting
32:53 Elite Steppe Lancer
35:40 Blast Furnace
35:47 Bracer
36:51 Chemistry
41:25 Elite Mangudai
43:40 Drill
43:13 Capped Ram
44:36 Siege Ram
Thewanderero
8:32 Feudal Age
12:21 Castle Age
10:43 Double-Bit Axe
10:53 Horse Collar
12:55 Wheelbarrow
13:11 Bow Saw
13:53 Heavy Plow
19:46 Hand Cart
20:56 Loom
22:19 Elite Skirmisher
26:05 Fletching
27:47 Town Watch
34:41 Scale Barding Armor
34:46 Forging
35:12 Husbandry
35:54 Light Cavalry
36:53 Bloodlines
nahuelAOE2
8:36 Feudal Age
12:29 Castle Age
11:40 Double-Bit Axe
19:49 Wheelbarrow
20:37 Bow Saw
25:56 Imperial Age
23:51 Gold Mining
24:50 Forging
24:45 Scale Barding Armor
26:09 Iron Casting
27:10 Chain Barding Armor
26:51 Cavalier
27:24 Fletching
28:37 Blast Furnace
29:07 Plate Barding Armor
29:14 Gold Shaft Mining
28:52 Paladin
31:57 Husbandry
36:45 Chemistry
50:10 Chivalry
feifei0920097740
3:04 Loom
10:40 Feudal Age
16:26 Castle Age
14:22 Double-Bit Axe
15:14 Gold Mining
19:01 Wheelbarrow
20:11 Bow Saw
29:27 Imperial Age
27:21 Fortified Wall
28:08 Hand Cart
28:15 Scale Barding Armor
28:21 Forging
30:05 Husbandry
30:27 Chain Barding Armor
30:44 Iron Casting
31:56 Chemistry
31:32 Conscription
30:35 Cavalier
31:44 Chivalry
32:03 Paladin
32:31 Pikeman
33:12 Squires
32:57 Gambesons
32:58 Arson
34:15 Plate Barding Armor
34:11 Stone Mining
35:19 Scale Mail Armor
36:26 Fletching
36:36 Padded Archer Armor
37:03 Ballistics
36:54 Masonry
36:49 Siege Engineers
39:03 Halberdier
44:20 Light Cavalry
45:56 Chain Mail Armor
45:37 Bodkin Arrow
46:45 Elite Skirmisher
48:28 Blast Furnace
47:58 Plate Mail Armor
47:44 Leather Archer Armor
51:19 Caravan
52:26 Architecture
51:53 Murder Holes
follow the white rabbit Δ
9:41 Feudal Age
11:22 Stone Mining
13:36 Castle Age
11:51 Loom
12:09 Double-Bit Axe
14:58 Wheelbarrow
15:31 Bow Saw
15:09 Horse Collar
16:14 Stone Mining
19:34 Heavy Plow
26:16 Ballistics
28:25 Hand Cart
29:31 Gold Mining
30:43 Town Watch
30:47 Treadmill Crane
31:46 Gold Shaft Mining
35:53 Imperial Age
35:17 Fletching
36:48 Stone Shaft Mining
36:27 Arrowslits
37:43 Chemistry
36:59 Bodkin Arrow
39:23 Two-Man Saw
44:08 Elite War Wagon
50:27 Masonry
xMattAdore
0:31 Loom
9:53 Feudal Age
16:35 Castle Age
14:26 Horse Collar
15:19 Double-Bit Axe
15:41 Fletching
16:28 Stone Mining
16:30 Gold Mining
21:41 Bodkin Arrow
28:03 Anarchy
28:45 Forging
28:35 Scale Mail Armor
32:47 Imperial Age
33:01 Imperial Age
30:52 Squires
30:13 Pikeman
30:13 Man-at-Arms
31:34 Stone Shaft Mining
32:10 Bow Saw
32:05 Heavy Plow
32:43 Iron Casting
32:24 Chain Mail Armor
34:07 Conscription
34:01 Perfusion
34:27 Halberdier
36:59 Blast Furnace
38:07 Town Watch
38:57 Wheelbarrow
39:25 Two-Man Saw
38:07 Elite Huskarl
42:43 Town Patrol
42:59 Hand Cart
44:06 Bracer
44:29 Onager
w
10:08 Feudal Age
14:01 Castle Age
11:57 Double-Bit Axe
13:25 Horse Collar
16:02 Heavy Plow
16:37 Loom
18:58 Bow Saw
19:34 Gold Mining
20:11 Fletching
23:36 Bodkin Arrow
25:07 Scale Mail Armor
27:00 Wheelbarrow
26:17 Stone Mining
27:07 Pikeman
29:14 Forging
31:40 Imperial Age
31:08 Stone Shaft Mining
31:20 Hand Cart
32:57 Conscription
33:06 Ballistics
33:39 Squires
33:59 Chain Mail Armor
34:50 Two-Man Saw
34:23 Crop Rotation
35:03 Crenellations
34:49 Cavalier
36:16 Scale Barding Armor
36:50 Iron Casting
37:19 Chain Barding Armor
39:33 Blast Furnace
40:43 Plate Barding Armor
41:00 Fortified Wall
40:39 Elite Teutonic Knight
41:54 Plate Mail Armor
42:20 Paladin
43:12 Bloodlines
45:03 Halberdier
46:53 Fortified Wall
47:43 Chemistry
51:29 Padded Archer Armor
52:52 Leather Archer Armor
53:14 Town Watch
56:03 Crenellations
Connection lost

Rejoining the realm…

Still unreachable

The connection could not be restored.

Session expired

The server has moved on; the page needs a fresh start.